 Dungeon Crawl Stone Soup version 0.31-a0-236-g9a0961fb85 (webtiles) character file.

Game seed: 13756710942742465947

25709 qw the Marksgargoyle (level 13, -12/83 HPs)
             Began as a Gargoyle Hexslinger on July 10, 2023.
             Was an Elder of Okawaru.
             Mangled by a minotaur
             ... wielding the +6 war axe "Jiurucru" {pain, Will+}
              (34 damage)
             ... in a Gauntlet.
             The game lasted 00:05:39 (11890 turns).

qw the Marksgargoyle (Gargoyle Hexslinger)         Turns: 11890, Time: 00:05:40

Health: -12/83     AC: 23    Str: 13    XL:     13   Next: 21%
Magic:  20/20      EV: 20    Int: 16    God:    Okawaru [****..]
Gold:   760        SH:  5    Dex: 22    Spells: 13/14 levels left

rFire   + + +        Y - +2 orcbow (heavy)
rCold   + + .        (shield currently unavailable)
rNeg    + . .        h - +3 leather armour {rF+}
rPois   inf          t - +0 hat of Grace {rC+}
rElec   +            i - scarf {rC+ rF+}
rCorr   .            p - +2 pair of gloves
SInv    +            b - +2 pair of boots
Will    .....        s - amulet of reflection
Stlth   +++          f - ring of Hakhuhock {rF+ Int+2 Dex+6}
HPRegen 0.33/turn    c - ring of see invisible
MPRegen 0.17/turn

%: no teleportation, reflection
@: heroic
A: sickness immunity, AC +9, negative energy resistance 1, electricity
resistance, torment resistance 1, petrification resistance
a: Renounce Religion, Heroism, Finesse


You were in a Gauntlet.
You worshipped Okawaru.
Okawaru was greatly pleased with you.
You visited 3 branches of the dungeon, and saw 13 of its levels.
You also visited: Ossuary and Gauntlet.

You collected 760 gold pieces.


Innate Abilities, Weirdness & Mutations

You are immune to sickness and miasma.
Your stone body is resilient. (AC +9)
You are immune to poison.
You resist negative energy. (rN+)
You are resistant to electric shocks. (rElec)
You are resistant to unholy torment.
You are immune to petrification.


   Skills:
 + Level 10.4(15.4) Fighting
 - Level 16.0(21.0) Ranged Weapons
 - Level 3.0(8.0) Armour
 - Level 6.1(11.1) Dodging
 - Level 1.0 Spellcasting
 - Level 2.6 Hexes
 - Level 10.0 Invocations


You had 13 spell levels left.
You knew the following spells:

 Your Spells              Type           Power      Damage    Failure   Level
a - Slow                  Hex            36%        N/A       10%         1

Your spell library contained the following spells:

 Spells                   Type           Power      Damage    Failure   Level
 Inner Flame              Hex/Fire       5%         N/A       43%         3
 Portal Projectile        Hex/Tloc       10%        N/A       43%         3
 Cause Fear               Hex            4%         N/A       67%         4

Inventory:

Hand Weapons
 Y - a +2 heavy orcbow (weapon)
Armour
 b - a +2 pair of boots (worn)
 h - a +3 leather armour of fire resistance (worn)
 i - a scarf of resistance (worn)
 l - a +1 hat
 p - a +2 pair of gloves (worn)
 r - a +2 robe of cold resistance
 t - the +0 hat of Grace (worn) {rC+}
   (Okawaru gifted it to you on level 1 of the Lair of Beasts)

   rC:        It protects you from cold.
Jewellery
 c - a ring of see invisible (right hand)
 f - the ring of Hakhuhock (left hand) {rF+ Int+2 Dex+6}
   (You found it on level 4 of the Dungeon)

   [ring of dexterity]

   Int:       It affects your intelligence (+2).
   Dex:       It affects your dexterity (+6).
   rF:        It protects you from fire.
 k - a +4 ring of protection
 n - a ring of fire
 s - an amulet of reflection (around neck)
Scrolls
 g - 9 scrolls of identify
 o - 2 scrolls of teleportation
 u - 2 scrolls of enchant armour
Potions
 a - a potion of haste
 d - 5 potions of curing
 e - a potion of magic
 j - a potion of cancellation
 m - a potion of heal wounds
 q - 2 potions of mutation

Dungeon Overview and Level Annotations

Branches:
Dungeon (9/15)             Temple (1/1) D:4            Lair (3/5) D:9
  Swamp (0/4) Lair:2        Snake (0/4) Lair:2          Orc (0/2) D:9
Ossuary (visited)         Gauntlet (1/1)

Altars:
Ashenzari
Cheibriados
Dithmenos
Elyvilon
Fedhas
Gozag
Hepliaklqana
Kikubaaqudgha
Makhleb
Nemelex Xobeh
Okawaru
Qazlal
Ru
Sif Muna
Trog
Uskayaw
Vehumet
Wu Jian
Xom
Yredelemnul
Zin
The Shining One

Annotations:
Gauntlet 11 transporters


Message History

The minotaur blocks the arrow with its +0 tower shield of reflection... and reflects it back!
The minotaur bellows!
The arrow closely misses you.
You shoot an arrow. The arrow hits the minotaur!
The minotaur is lightly wounded.
The minotaur throws a silver javelin.
The silver javelin pierces through you!
You shoot an arrow. The arrow hits the minotaur!
The minotaur is moderately wounded.
You shoot an arrow.
The minotaur blocks the arrow with its +0 tower shield of reflection... and reflects it back!
The arrow hits you but does no damage.
You shoot an arrow.
The minotaur blocks the arrow with its +0 tower shield of reflection... and reflects it back!
The arrow closely misses you. The minotaur barely misses you.
You block the minotaur's attack.
You shoot an arrow. The arrow barely misses the minotaur.
The minotaur hits you with the +6 war axe "Jiurucru" {pain, Will+}!
You writhe in agony.
You block the minotaur's attack.
You shoot an arrow.
The minotaur blocks the arrow with its +0 tower shield of reflection... and reflects it back!
The arrow barely misses you. The minotaur misses you.
The minotaur closely misses you.
You shoot an arrow. The arrow hits the minotaur!
The minotaur is moderately wounded.
You block the minotaur's attack. The minotaur closely misses you.
The minotaur hits you with the +6 war axe "Jiurucru" {pain, Will+}!!
You writhe in agony.
The minotaur gores you.
You shoot an arrow. The arrow hits the minotaur!
The minotaur is heavily wounded.
The minotaur misses you. The minotaur gores you!
You shoot an arrow.
The minotaur blocks the arrow with its +0 tower shield of reflection... and reflects it back!
The arrow misses you. You block the minotaur's attack.
The minotaur gores you but does no damage.
You shoot an arrow.
The minotaur blocks the arrow with its +0 tower shield of reflection... and reflects it back!
The arrow misses you.
The minotaur hits you with the +6 war axe "Jiurucru" {pain, Will+}!!
You die...

#~~~#...######
########...#...#8..^#
#..........#.8.#^...#
##.##.###.8.#.}.#8..^#
#8........^.#.8.######
.....#.#.8.#...#..#.#
#######.#.#.^.#...#.#.#.
[8=8.8#...#.8.#.8.#.#.#.
......H@###.^.#.\.#..#^#
/8[8.8#...#.8.#.8.#.#.#.
##### #.#.#.^.#...#.#.#.
..#.#.8.#...#."#^#
......^.#.8.######
##.###.8.#.}.#8..^#
........#.8.#^...#
#####...#...#8..^#
#~~~#...######


You could see a minotaur (reflecting).

Vanquished Creatures
  Gastronok (D:8)
  Fannar (Lair:2)
  A boulder beetle (Lair:1)
  A catoblepas (Gauntlet)
  2 skysharks
  Sonja (Lair:1)
  A will-o-the-wisp (Lair:2)
  6 elephants
  6 black mambas
  2 gargoyles (Gauntlet)
  5 cane toads
  4 komodo dragons
  Maggie (D:7)
  2 trolls
  A queen bee (Lair:3)
  3 blink frogs (Lair:2)
  A spriggan (Lair:2)
  A wyvern (Lair:3)
  23 yaks
  A wraith (D:9)
  3 basilisks
  15 water moccasins
  An ice beast (D:5)
  2 orc warriors (D:8)
  4 black bears
  A sky beast (D:6)
  8 centaurs
  5 wolves (Lair:1)
  5 ogres
  A phantom (D:5)
  4 kobold brigands
  5 elf zombies (Ossuary)
  10 bullfrogs
  A gnoll sergeant (D:7)
  9 wights (D:9)
  33 killer bees
  5 howler monkeys
  3 centaur zombies (Ossuary)
  2 jellies
  4 human zombies (Ossuary)
  3 orc priests
  Jessica (D:2)
  4 iguanas
  6 orc wizards
  3 mummies (Ossuary)
  3 gnolls (D:7)
  9 adders
  A shadow imp (D:7)
  A white imp (D:5)
  An ufetubus (D:7)
  4 dart slugs
  27 orcs
  6 ball pythons
  5 bats
  3 endoplasms (D:4)
  2 giant cockroaches
  7 goblins
  4 hobgoblins
  3 quokkas
  4 frilled lizards
  31 kobolds
  7 rats
  A spectral orc (D:7)
321 creatures vanquished.

Vanquished Creatures (others)
  2 foxfires (Lair:2)
2 creatures vanquished.

Grand Total: 323 creatures vanquished

Notes
Turn   | Place    | Note
-------+----------+-------------------------------------------
     0 | D:1      | qw the Gargoyle Hexslinger began the quest for the Orb.
     0 | D:1      | Reached XP level 1. HP: 12/12 MP: 2/2
     0 | D:1      | 0 ||| qw: Version: 0.3-a-52-g30416fa
     0 | D:1      | 0 ||| qw: Game counter: 4828
     0 | D:1      | 0 ||| qw: Melee chars always use a shield: true
     0 | D:1      | 0 ||| qw: God list: Okawaru
     0 | D:1      | 0 ||| qw: Allow faded altars: false
     0 | D:1      | 0 ||| qw: Do Orc after clearing Dungeon:15 true
     0 | D:1      | 0 ||| qw: Do second Lair branch before Depths: true
     0 | D:1      | 0 ||| qw: Lair rune preference: random
     0 | D:1      | 0 ||| qw: Goals: Normal
     0 | D:1      | 0 ||| PLANNING D:1-11
   229 | D:1      | Reached XP level 2. HP: 16/16 MP: 3/3
   281 | D:1      | Found a faded altar of an unknown god.
   398 | D:1      | Reached skill level 3 in Ranged Weapons
   831 | D:1      | 831 ||| UPGRADING to +0 leather armour.
   841 | D:1      | 841 ||| DROPPING +0 robe.
   842 | D:1      | 842 ||| UPGRADING to +3 leather armour of fire resistance.
   852 | D:1      | 852 ||| DROPPING +0 leather armour.
   853 | D:1      | 853 ||| UPGRADING to scarf of resistance.
   858 | D:1      | 858 ||| UPGRADING to +4 ring of protection.
   859 | D:1      | 859 ||| READING scroll labelled AMOSKE RUITUIG.
   860 | D:1      | 860 ||| READING 4 scrolls labelled FAXAIC BEOLAS.
   861 | D:1      | 861 ||| READING 2 scrolls labelled LUAMAONADD.
   862 | D:1      | 862 ||| READING scroll labelled CESCHOP KEKLEEW.
   863 | D:1      | 863 ||| READING scroll labelled PISUDI WEZOO.
   864 | D:1      | 864 ||| DROPPING scroll of poison.
   865 | D:1      | 865 ||| DROPPING scroll of vulnerability.
  1046 | D:2      | Reached XP level 3. HP: 21/21 MP: 4/4
  1087 | D:2      | Noticed Jessica
  1089 | D:2      | Killed Jessica
  1090 | D:2      | Reached XP level 4. HP: 26/26 MP: 5/5
  1520 | D:2      | 1520 ||| DROPPING +6 ring of intelligence.
  1521 | D:2      | 1521 ||| UPGRADING to ring of see invisible.
  1522 | D:2      | 1522 ||| READING 4 scrolls of identify.
  1522 | D:2      | 1522 ||| IDENTIFYING bubbling blue potion
  1523 | D:2      | 1523 ||| READING 3 scrolls of identify.
  1523 | D:2      | 1523 ||| IDENTIFYING viscous inky potion
  1524 | D:2      | 1524 ||| DROPPING potion of berserk rage.
  1647 | D:3      | Noticed an ogre
  1655 | D:3      | Killed an ogre
  1656 | D:3      | Reached skill level 5 in Ranged Weapons
  1656 | D:3      | Reached XP level 5. HP: 29/30 MP: 6/6
  1964 | D:3      | Reached skill level 3 in Fighting
  2135 | D:3      | 2135 ||| READING scroll labelled YBROAD LYACE.
  2136 | D:3      | 2136 ||| READING 2 scrolls labelled ORAEPL CUFOOGG.
  2137 | D:3      | 2137 ||| READING scroll labelled DYL OWIWKUESS.
  2238 | D:3      | 2238 ||| READING 5 scrolls of identify.
  2238 | D:3      | 2238 ||| IDENTIFYING pink potion
  2239 | D:3      | 2239 ||| READING 4 scrolls of identify.
  2239 | D:3      | 2239 ||| IDENTIFYING viscous grey potion
  2240 | D:3      | 2240 ||| READING 3 scrolls of identify.
  2240 | D:3      | 2240 ||| IDENTIFYING puce potion
  2241 | D:3      | 2241 ||| DROPPING scroll of fear.
  2242 | D:3      | 2242 ||| DROPPING potion of brilliance.
  2260 | D:4      | 2260 ||| PLANNING OSSUARY
  2282 | D:4      | Found a sand-covered staircase.
  2283 | D:4      | 2283 ||| UPGRADING to +1 pair of boots.
  2296 | Ossuary  | Entered an ossuary
  2312 | Ossuary  | Reached XP level 6. HP: 35/37 MP: 7/7
  2341 | Ossuary  | Reached skill level 6 in Ranged Weapons
  2364 | Ossuary  | Reached skill level 1 in Armour
  2458 | Ossuary  | Reached XP level 7. HP: 25/43 MP: 8/8
  2512 | Ossuary  | Reached skill level 7 in Ranged Weapons
  2780 | Ossuary  | 2780 ||| READING scroll labelled VICHOX AVUM.
  2781 | Ossuary  | 2781 ||| READING scroll labelled REYF QABUVVE.
  2782 | Ossuary  | 2782 ||| READING scroll labelled XYDWASACIN.
  2782 | Ossuary  | Identified a scroll of acquirement
  2782 | Ossuary  | 2782 ||| ACQUIRING +2 orcbow of flaming
  2782 | Ossuary  | Acquired a +2 orcbow of flaming
  2784 | Ossuary  | 2784 ||| SWAPPING to +2 orcbow of flaming.
  2785 | Ossuary  | 2785 ||| DROPPING +2 sling.
  2786 | Ossuary  | 2786 ||| READING scroll labelled DABAAGG CYIRIDA.
  2787 | Ossuary  | 2787 ||| READING scroll labelled SEREMEREIF.
  2792 | Ossuary  | 2792 ||| DRINKING 2 ruby potions.
  2793 | Ossuary  | 2793 ||| READING 4 scrolls of identify.
  2793 | Ossuary  | 2793 ||| IDENTIFYING bubbling clear potion
  2794 | Ossuary  | 2794 ||| DROPPING potion of degeneration.
  2799 | D:4      | 2799 ||| PLANNING D:1-11
  2806 | D:4      | Identified the ring of Hakhuhock {rF+ Int+2 Dex+6}
  2966 | D:4      | Reached skill level 8 in Ranged Weapons
  2966 | D:4      | Reached XP level 8. HP: 48/48 MP: 9/9
  3080 | D:4      | Found a staircase to the Ecumenical Temple.
  3081 | D:4      | 3081 ||| PLANNING TEMPLE
  3081 | D:4      | 3081 ||| UPGRADING to ring of Hakhuhock {rF+ Int+2 Dex+6}.
  3083 | D:4      | 3083 ||| DROPPING +6 ring of strength.
  3094 | Temple   | Entered the Ecumenical Temple
  3157 | Temple   | 3157 ||| PLANNING OKAWARU WORSHIP
  3211 | Temple   | Became a worshipper of Warmaster Okawaru
  3212 | Temple   | 3212 ||| PLANNING D:1-11
  3596 | D:4      | Found a bloodstained altar of Trog.
  3798 | D:4      | Found a shimmering altar of Xom.
  3997 | D:4      | 3997 ||| DROPPING ring of magical power.
  4024 | D:5      | Entered Level 5 of the Dungeon
  4037 | D:5      | 4037 ||| STAIRDANCE
  4039 | D:5      | 4039 ||| STAIRDANCE
  4041 | D:5      | 4041 ||| STAIRDANCE
  4043 | D:5      | 4043 ||| STAIRDANCE
  4160 | D:5      | 4160 ||| READING scroll of enchant armour.
  4160 | D:5      | 4160 ||| ENCHANTING +1 pair of boots.
  4186 | D:5      | Reached * piety under Okawaru
  4187 | D:5      | Reached skill level 9 in Ranged Weapons
  4261 | D:5      | Reached skill level 1 in Invocations
  4342 | D:5      | 4342 ||| INVOKING Heroism.
  4383 | D:5      | Reached skill level 3 in Dodging
  4384 | D:5      | Found a glowing silver altar of Zin.
  4408 | D:5      | Reached XP level 9. HP: 54/54 MP: 10/10
  4575 | D:5      | 4575 ||| READING scroll labelled DUEHAN UVEA.
  4623 | D:6      | 4623 ||| Stepping ~*~*~tactically~*~*~ (outnumbered).
  4625 | D:6      | 4625 ||| Stepping ~*~*~tactically~*~*~ (outnumbered).
  4634 | D:6      | 4634 ||| FLEEEEING.
  4654 | D:6      | Identified the +1 chain mail of Hedging {Dex+5 Stlth+}
  4659 | D:6      | Reached skill level 6 in Fighting
  4659 | D:6      | Reached skill level 3 in Invocations
  4897 | D:6      | 4897 ||| DRINKING 2 potions of curing.
  4897 | D:6      | 4897 ||| (to cure confusion)
  5223 | D:6      | 5223 ||| READING 5 scrolls of identify.
  5223 | D:6      | 5223 ||| IDENTIFYING bubbling coppery potion
  5320 | D:7      | 5320 ||| Stepping ~*~*~tactically~*~*~ (outnumbered).
  5322 | D:7      | 5322 ||| Stepping ~*~*~tactically~*~*~ (outnumbered).
  5341 | D:7      | 5341 ||| FLEEEEING.
  5342 | D:7      | 5342 ||| FLEEEEING.
  5343 | D:7      | 5343 ||| FLEEEEING.
  5344 | D:7      | 5344 ||| FLEEEEING.
  5345 | D:7      | 5345 ||| FLEEEEING.
  5346 | D:7      | 5346 ||| FLEEEEING.
  5347 | D:7      | 5347 ||| FLEEEEING.
  5348 | D:7      | 5348 ||| FLEEEEING.
  5349 | D:7      | 5349 ||| FLEEEEING.
  5350 | D:7      | 5350 ||| FLEEEEING.
  5351 | D:7      | 5351 ||| FLEEEEING.
  5352 | D:7      | 5352 ||| FLEEEEING.
  5353 | D:7      | 5353 ||| FLEEEEING.
  5354 | D:7      | 5354 ||| FLEEEEING.
  5355 | D:7      | 5355 ||| FLEEEEING.
  5356 | D:7      | 5356 ||| FLEEEEING.
  5357 | D:7      | 5357 ||| FLEEEEING.
  5358 | D:7      | 5358 ||| FLEEEEING.
  5359 | D:7      | 5359 ||| FLEEEEING.
  5360 | D:7      | 5360 ||| FLEEEEING.
  5361 | D:7      | 5361 ||| FLEEEEING.
  5362 | D:7      | 5362 ||| FLEEEEING.
  5363 | D:7      | 5363 ||| FLEEEEING.
  5364 | D:7      | 5364 ||| FLEEEEING.
  5366 | D:7      | 5366 ||| FLEEEEING.
  5367 | D:7      | 5367 ||| FLEEEEING.
  5368 | D:7      | 5368 ||| FLEEEEING.
  5495 | D:7      | Noticed a troll
  5496 | D:7      | 5496 ||| INVOKING Heroism.
  5584 | D:7      | 5584 ||| INVOKING Heroism.
  5595 | D:7      | Noticed Maggie
  5597 | D:7      | HP: 13/55 [troll (5)]
  5598 | D:7      | 5598 ||| DRINKING potion of heal wounds.
  5599 | D:7      | Killed a troll
  5606 | D:7      | Reached skill level 10 in Ranged Weapons
  5612 | D:7      | 5612 ||| INVOKING Heroism.
  5620 | D:7      | Killed Maggie
  5734 | D:7      | Reached ** piety under Okawaru
  5736 | D:7      | 5736 ||| INVOKING Heroism.
  5742 | D:7      | Reached skill level 11 in Ranged Weapons
  5742 | D:7      | Reached XP level 10. HP: 38/63 MP: 10/13
  5865 | D:7      | 5865 ||| INVOKING Heroism.
  5911 | D:7      | Found a flagged portal.
  6212 | D:7      | 6212 ||| INVOKING Heroism.
  6256 | D:7      | Found a basalt altar of Yredelemnul.
  6324 | D:7      | 6324 ||| READING scroll labelled REOKEV BIVADOA.
  6325 | D:7      | 6325 ||| READING 4 scrolls of identify.
  6325 | D:7      | 6325 ||| IDENTIFYING orange potion
  6326 | D:7      | 6326 ||| DROPPING potion of invisibility.
  6660 | D:8      | 6660 ||| INVOKING Heroism.
  6663 | D:8      | 6663 ||| Stepping ~*~*~tactically~*~*~ (outnumbered).
  6664 | D:8      | 6664 ||| Stepping ~*~*~tactically~*~*~ (outnumbered).
  6683 | D:8      | 6683 ||| INVOKING Heroism.
  6689 | D:8      | Noticed Gastronok
  6700 | D:8      | Killed Gastronok
  6701 | D:8      | Reached skill level 12 in Ranged Weapons
  6902 | D:8      | Reached *** piety under Okawaru
  7059 | D:8      | 7059 ||| UPGRADING to +1 hat.
  7064 | D:8      | 7064 ||| READING 4 scrolls of identify.
  7064 | D:8      | 7064 ||| IDENTIFYING fuming green potion
  7173 | D:9      | Found a staircase to the Orcish Mines.
  7232 | D:9      | 7232 ||| FLEEEEING.
  7233 | D:9      | 7233 ||| FLEEEEING.
  7234 | D:9      | 7234 ||| FLEEEEING.
  7293 | D:9      | 7293 ||| FLEEEEING.
  7349 | D:9      | 7349 ||| FLEEEEING.
  7407 | D:9      | 7407 ||| FLEEEEING.
  7451 | D:9      | 7451 ||| FLEEEEING.
  7500 | D:9      | 7500 ||| FLEEEEING.
  7559 | D:9      | Reached skill level 13 in Ranged Weapons
  7728 | D:9      | 7728 ||| INVOKING Heroism.
  7730 | D:9      | Reached XP level 11. HP: 32/69 MP: 11/14
  7900 | D:9      | Reached skill level 9 in Fighting
  7991 | D:9      | Found a staircase to the Lair.
  8088 | D:9      | 8088 ||| INVOKING Heroism.
  8283 | D:9      | 8283 ||| PLANNING LAIR
  8289 | Lair:1   | Entered Level 1 of the Lair of Beasts
  8294 | Lair:1   | 8294 ||| STAIRDANCE
  8296 | D:9      | 8296 ||| INVOKING Heroism.
  8444 | Lair:1   | Reached **** piety under Okawaru
  8474 | Lair:1   | 8474 ||| INVOKING Heroism.
  8519 | Lair:1   | Noticed a skyshark
  8529 | Lair:1   | 8529 ||| INVOKING Heroism.
  8535 | Lair:1   | Killed a skyshark
  8535 | Lair:1   | Reached ***** piety under Okawaru
  8540 | Lair:1   | Reached skill level 6 in Invocations
  8750 | Lair:1   | Reached skill level 14 in Ranged Weapons
  8940 | Lair:1   | Noticed Sonja
  8941 | Lair:1   | 8941 ||| INVOKING Finesse.
  8951 | Lair:1   | Killed Sonja
  8951 | Lair:1   | Identified the +0 hat of Grace {rC+} (Okawaru gifted it to
                  | you on level 1 of the Lair of Beasts)
  8951 | Lair:1   | Received a gift from Okawaru
  9010 | Lair:1   | 9010 ||| INVOKING Heroism.
  9167 | Lair:1   | 9167 ||| INVOKING Heroism.
  9348 | Lair:1   | Noticed a boulder beetle
  9349 | Lair:1   | 9349 ||| INVOKING Heroism.
  9357 | Lair:1   | Killed a boulder beetle
  9358 | Lair:1   | Reached XP level 12. HP: 43/77 MP: 15/17
  9489 | Lair:1   | 9489 ||| INVOKING Heroism.
  9674 | Lair:1   | 9674 ||| UPGRADING to +2 pair of gloves.
  9679 | Lair:1   | 9679 ||| DROPPING +0 robe of fire resistance.
  9680 | Lair:1   | 9680 ||| UPGRADING to +0 hat of Grace {rC+}.
  9690 | Lair:1   | 9690 ||| UPGRADING to amulet of reflection.
  9722 | Lair:2   | 9722 ||| STAIRDANCE
  9727 | Lair:1   | 9727 ||| INVOKING Heroism.
  9733 | Lair:1   | Reached skill level 3 in Armour
  9828 | Lair:2   | 9828 ||| STAIRDANCE
  9838 | Lair:1   | 9838 ||| INVOKING Heroism.
  9931 | Lair:2   | 9931 ||| Stepping ~*~*~tactically~*~*~ (water).
  9980 | Lair:2   | Noticed a skyshark
  9991 | Lair:2   | Killed a skyshark
  9992 | Lair:2   | 9992 ||| INVOKING Heroism.
 10030 | Lair:2   | 10030 ||| INVOKING Heroism.
 10117 | Lair:2   | 10117 ||| Stepping ~*~*~tactically~*~*~ (water).
 10165 | Lair:2   | Noticed Fannar
 10169 | Lair:2   | 10169 ||| FLEEEEING.
 10170 | Lair:2   | 10170 ||| FLEEEEING.
 10171 | Lair:2   | 10171 ||| FLEEEEING.
 10172 | Lair:2   | 10172 ||| FLEEEEING.
 10173 | Lair:2   | 10173 ||| FLEEEEING.
 10174 | Lair:2   | 10174 ||| FLEEEEING.
 10175 | Lair:2   | 10175 ||| FLEEEEING.
 10176 | Lair:2   | 10176 ||| FLEEEEING.
 10188 | Lair:2   | Killed Fannar
 10189 | Lair:2   | Reached skill level 9 in Invocations
 10335 | Lair:2   | 10335 ||| INVOKING Heroism.
 10367 | Lair:2   | 10367 ||| INVOKING Heroism.
 10384 | Lair:2   | 10384 ||| INVOKING Heroism.
 10430 | Lair:2   | Reached skill level 15 in Ranged Weapons
 10439 | Lair:2   | Found a staircase to the Snake Pit.
 10677 | Lair:2   | 10677 ||| INVOKING Heroism.
 10810 | Lair:2   | 10810 ||| INVOKING Heroism.
 10918 | Lair:2   | Found a staircase to the Swamp.
 10923 | Lair:2   | Reached skill level 6 in Dodging
 10963 | Lair:2   | 10963 ||| INVOKING Heroism.
 11106 | Lair:2   | 11106 ||| READING 9 scrolls of identify.
 11106 | Lair:2   | 11106 ||| IDENTIFYING bubbling orange potion
 11107 | Lair:2   | 11107 ||| DROPPING potion of ambrosia.
 11137 | Lair:3   | 11137 ||| PLANNING GAUNTLET
 11178 | Lair:3   | Received a gift from Okawaru
 11187 | Lair:3   | Reached XP level 13. HP: 63/82 MP: 20/20
 11356 | Lair:3   | 11356 ||| INVOKING Heroism.
 11405 | Lair:3   | 11405 ||| INVOKING Heroism.
 11588 | Lair:3   | Reached skill level 16 in Ranged Weapons
 11638 | Lair:3   | Found a gate leading to a gauntlet.
 11639 | Lair:3   | 11639 ||| DROPPING +1 pair of boots.
 11648 | Gauntlet | Entered a Gauntlet
 11648 | Gauntlet | Found a transporter.
 11657 | Gauntlet | Found a transporter.
 11660 | Gauntlet | Found a transporter.
 11661 | Gauntlet | Found a transporter.
 11672 | Gauntlet | Found a transporter.
 11673 | Gauntlet | Found a transporter.
 11674 | Gauntlet | Found a transporter.
 11685 | Gauntlet | Found a transporter.
 11686 | Gauntlet | Found a transporter.
 11686 | Gauntlet | Found a transporter.
 11693 | Gauntlet | Noticed a quicksilver ooze
 11694 | Gauntlet | Found a transporter.
 11697 | Gauntlet | Found a transporter.
 11698 | Gauntlet | Found a transporter.
 11709 | Gauntlet | Found a transporter.
 11791 | Gauntlet | 11791 ||| INVOKING Heroism.
 11794 | Gauntlet | 11794 ||| Stepping ~*~*~tactically~*~*~ (outnumbered).
 11878 | Gauntlet | Identified the +6 war axe "Jiurucru" {pain, Will+}
 11878 | Gauntlet | Identified the ring "Etuic" {Will+ MP+9 Str+4 Dex-3}
 11878 | Gauntlet | Noticed a minotaur
 11879 | Gauntlet | 11879 ||| INVOKING Heroism.
 11890 | Gauntlet | Mangled by a minotaur

Levels and vault maps discovered:
D:1:      eino_arrival_cavern_e, layout_basic,
          hellmonk_ecumenical_altar_heavens_door, dk_noncrumbling_3
D:2:      layout_basic, uniq_jessica
D:3:      layout_basic, grunt_ministairs_2
D:4:      layout_layer_cave, mainiacjoe_overflow_swirl,
          minmay_temple_entry_statues_fountains, enter_ossuary_3
D:5:      layout_cave_pools, mainiacjoe_overflow_alcove_1,
          grunt_decor_one_mirror
D:6:      layout_basic, minmay_misc_feat_nine_boxes
D:7:      layout_loops_ring, yredelemnul_forgotten_temple_becter,
          enter_bailey_2, uniq_maggie
D:8:      layout_basic, uniq_gastronok
D:9:      layout_stronghold, lair_entry_dummy, orc_0_dummy, centaur_isle
Temple:   mainiacjoe_temple_coin_purse
Lair:1:   layout_gridlike, uniq_sonja
Lair:2:   layout_chaotic_city, minmay_swamp_entry_wisps,
          minmay_snake_entry_six_corridors, serial_bayou_ford_a,
          grunt_forest_large_clearing_hut, infiniplex_staircase_pool_2,
          uniq_fannar
Lair:3:   minmay_lair_venomous_thicket, layout_cellular_growth,
          gauntlet_entry_generic, special_room [special_room_bee],
          grunt_megastairs_1, serial_bayou_shore_a
Gauntlet: gammafunk_gauntlet_77_escape_option
          [minmay_gauntlet_arena_77_hold_the_fort,
          minmay_gauntlet_arena_77_p_blocks, minmay_gauntlet_arena_77_braids,
          minmay_gauntlet_arena_77_checkered,
          minmay_gauntlet_arena_77_chump_sandwich,
          nicolae_gauntlet_exit_dead_adventurers]

Skill      XL: |  1  2  3  4  5  6  7  8  9 10 11 12 13 |
---------------+----------------------------------------+-----
Ranged Weapons | 3 5 6 8 9 11 13 14 15 16 | 16.0
Fighting       | 2 3 4 5 7 8 9 10 | 10.4
Armour         | 1 2 3 |  3.0
Dodging        | 3 4 5 6 |  6.1
Invocations    | 2 4 7 10 | 10.0
Spellcasting   | |  1.0
Hexes          | |  2.6

Action                     |  1- 3 |  4- 6 |  7- 9 | 10-12 | 13-15 || total
---------------------------+-------+-------+-------+-------+-------++-------
   Fire: Sling             |    79 |   238 |   116 |       |       ||   433
         Orcbow            |       |       |   239 |   474 |   115 ||   828
 Invoke: Heroism           |       |       |     5 |    23 |     4 ||    32
         Finesse           |       |       |       |     1 |       ||     1
    Use: Scroll            |     5 |     8 |     9 |     4 |       ||    26
         Potion            |       |       |     3 |       |       ||     3
 Armour: Leather armour    |    21 |    82 |   125 |   157 |    53 ||   438
  Dodge: Dodged            |    27 |   103 |   150 |   312 |   204 ||   796
  Block: Other             |       |       |       |    40 |    52 ||    92

Table legend:
 A = Non-vault XP
 B = Vault XP
 C = Vault XP percentage of total XP
 D = Non-vault monster count
 E = Vault monster count
 F = Vault count percentage of total count
                 A         B        C        D         E       F
            +---------+---------+-------+---------+---------+-------
      Total |   24634 |   12094 |  32.9 |     252 |      69 |  21.5
            +---------+---------+-------+---------+---------+-------
        D:1 |      19 |       0 |   0.0 |      13 |       0 |   0.0
        D:2 |      40 |      37 |  48.1 |      17 |       1 |   5.6
        D:3 |     176 |       4 |   2.2 |      16 |       2 |  11.1
        D:4 |     383 |       0 |   0.0 |      23 |       0 |   0.0
        D:5 |     909 |       0 |   0.0 |      23 |       0 |   0.0
        D:6 |     353 |       0 |   0.0 |      16 |       0 |   0.0
        D:7 |    1956 |     390 |  16.6 |      26 |       2 |   7.1
        D:8 |    1251 |    1539 |  55.2 |      25 |       1 |   3.8
        D:9 |    2755 |     675 |  19.7 |      31 |       6 |  16.2
     Lair:1 |    8383 |    1358 |  13.9 |      33 |       3 |   8.3
     Lair:2 |    5022 |    3642 |  42.0 |      18 |      10 |  35.7
     Lair:3 |    3387 |    1915 |  36.1 |      11 |      26 |  70.3
    Ossuary |       0 |     844 | 100.0 |       0 |      15 | 100.0
   Gauntlet |       0 |    1690 | 100.0 |       0 |       3 | 100.0
            +---------+---------+-------+---------+---------+-------
